 Dungeon Crawl Stone Soup version 0.24.1 (webtiles) character file.

Game seed: 4717565559547613303, levelgen mode: deterministic

8969 Descartes the Destroyer (level 11, -4/59 HPs)
             Began as a Deep Elf Air Elementalist on Mar 27, 2020.
             Was a Priest of Vehumet.
             Slain by a four-headed hydra (9 damage)
             ... on level 1 of the Lair of Beasts.
             The game lasted 00:55:14 (15641 turns).

Descartes the Destroyer (DEAE)                     Turns: 15641, Time: 00:55:16

Health: -4/59      AC:  7    Str:  5    XL:     11   Next: 16%
Magic:  20/26      EV: 14    Int: 24    God:    Vehumet [***...]
Gold:   599        SH:  7    Dex: 12    Spells: 15/28 levels left

rFire    + . .     SeeInvis .   N - +4 scimitar (freeze)
rCold    . . .     Gourm    .   o - +2 buckler
rNeg     . . .     Faith    .   G - +1 leather armour {rF+}
rPois    .         Spirit   .   (no helmet)
rElec    .         Reflect  .   r - +1 cloak
rCorr    .         Harm     .   x - +0 pair of gloves
MR       +....     Rnd*Tele +   (no boots)
Stlth    ++++......             (no amulet)
HPRegen  0.19/turn              I - ring of teleportation (curse)
MPRegen  0.20/turn              D - -3 ring of dexterity (curse)

@: about to teleport
A: mutation resistance 1, robust 1, wild magic 1
a: Renounce Religion


You were on level 1 of the Lair of Beasts.
You worshipped Vehumet.
Vehumet was most pleased with you.
You were very hungry.

You visited 3 branches of the dungeon, and saw 13 of its levels.

You collected 599 gold pieces.

Inventory:

Hand Weapons
 N - a +4 scimitar of freezing (weapon)
Missiles
 b - 2 boomerangs
 e - 272 stones (quivered)
 f - 159 arrows
 l - 17 poisoned darts
 s - 53 sling bullets
 A - 4 curare-tipped darts
Armour
 o - a +2 buckler (worn)
 r - a +1 cloak (worn)
 w - a +0 leather armour of magic resistance
 x - a +0 pair of gloves (worn)
 G - a +1 leather armour of fire resistance (worn)
 H - a +0 crystal plate armour
Jewellery
 g - an uncursed ring of magical power
 p - a +3 ring of evasion
 q - a +5 ring of intelligence
 z - a +4 ring of evasion
 D - a cursed -3 ring of dexterity (right hand)
 I - a cursed ring of teleportation (left hand)
 K - an uncursed ring of protection from fire
 M - an uncursed ring of see invisible
Wands
 y - a wand of clouds (5)
 B - a wand of paralysis (15)
 E - a wand of enslavement (7)
 J - a wand of flame (13)
Scrolls
 h - 6 scrolls of identify
 m - 4 scrolls of blinking
 n - 2 scrolls of magic mapping
 t - 2 scrolls of teleportation
 C - a scroll of enchant armour
Potions
 a - a potion of magic
 d - 3 potions of flight
 i - 7 potions of curing
 j - a potion of ambrosia
 k - 3 potions of cancellation
 u - a potion of heal wounds
 F - a potion of haste {unknown}
 L - 3 potions of brilliance
Miscellaneous
 v - a phial of floods
Comestibles
 c - 14 rations


   Skills:
   Level 2.4 Staves
 - Level 3.0 Armour
 + Level 7.5 Dodging
 + Level 8.2 Stealth
 - Level 4.0 Shields
 - Level 0.1 Unarmed Combat
 + Level 9.1 Spellcasting
 * Level 9.4 Conjurations
 + Level 1.7 Translocations
 + Level 1.8 Fire Magic
 + Level 3.7 Ice Magic
 + Level 7.6 Air Magic


You had 15 spell levels left.
You knew the following spells:

 Your Spells              Type           Power        Failure   Level  Hunger
a - Shock                 Conj/Air       ####         1%          1    None
b - Airstrike             Air            ######....   1%          4    ##.....
c - Static Discharge      Conj/Air       ######..     1%          3    None
d - Freeze                Ice            ####         1%          1    None
e - Apportation           Tloc           ###...       8%          1    None
f - Inner Flame           Hex/Fire       ###.....     7%          3    None

Your spell library contained the following spells:

 Spells                   Type           Power        Failure   Level  Hunger
 Lightning Bolt           Conj/Air       ######....   3%          5    ####...
 Swiftness                Chrm/Air       #####...     5%          2    None
 Animate Skeleton         Necr           N/A          14%         1    None
 Beastly Appendage        Tmut           ##....       14%         1    None
 Confusing Touch          Hex            ##....       14%         1    None
 Summon Small Mammal      Summ           ##..         14%         1    None
 Sticks to Snakes         Tmut           ##......     21%         2    None
 Spider Form              Tmut/Pois      ##........   36%         3    None
 Ice Form                 Ice/Tmut       ####....     50%         4    ##.....
 Blade Hands              Tmut           ##........   97%         5    ####...


Dungeon Overview and Level Annotations

Branches:
Dungeon (11/15)            Temple (1/1) D:5            Lair (1/6) D:9
    Orc: D:9-12

Altars:
Ashenzari
Cheibriados
Dithmenos
Elyvilon
Fedhas
Gozag
Hepliaklqana
Kikubaaqudgha
Makhleb
Nemelex Xobeh
Okawaru
Qazlal
Ru
Sif Muna
Trog
Uskayaw
Vehumet
Wu Jian
Xom
Yredelemnul
Zin
The Shining One

Shops:
D:10 :

Annotations:
D:10 exclusion: cyclops
D:11 Erica, Nergalle
Lair:1 exclusion: oklob plant


Innate Abilities, Weirdness & Mutations

You are somewhat resistant to further mutation.
You are robust. (+10% HP)
Your spells are a little harder to cast, but a little more powerful.


Message History

The bolt of electricity hits the plant!
The bolt of electricity hits you.
The electric eel shoots out a bolt of lightning at you!
The bolt of electricity hits the plant!
The bolt of electricity hits you!
* * * LOW HITPOINT WARNING * * *
As you read the scroll of teleportation, it crumbles to dust.
You feel strangely unstable.
Casting: Airstrike (safe; 1% risk of failure)
Confirm with . or Enter, or press ? or * to list all spells.
The four-headed hydra is struck by an arc of lightning.
The four-headed hydra is lightly wounded.
The fungus is struck by an arc of lightning!
The fungus is moderately damaged.
The four-headed hydra is struck by an arc of lightning.
The four-headed hydra is lightly wounded.
The lightning grounds out.
The four-headed hydra bites you!
* * * LOW HITPOINT WARNING * * *
You block the four-headed hydra's attack.
The four-headed hydra closely misses you.
The four-headed hydra bites you!
You die...

...... #. .....
.## ## #. .....
..P##.##..
.....
....#....# #..
.........# #
.........#
.........#
.......@.#
.......D.#
........P#
.........#
.........####
....P.......###
.
...###.........
. ...
#..!...... ..
#......P.P.


You could see a four-headed hydra.

Vanquished Creatures
  An oklob plant (Lair:1)
  A troll (D:7)
  A polar bear (D:11)
  A hornet (D:7)
  A hippogriff (Lair:1)
  2 wyverns
  A wraith (D:11)
  2 basilisks
  6 yaks
  A hungry ghost (D:8)
  3 water moccasins
  A floating eye (Lair:1)
  3 porcupines (D:9)
  3 black bears
  An ice beast (D:8)
  4 orc warriors
  A sky beast (D:5)
  4 phantoms
  7 centaurs
  4 ogres
  A wolf (D:9)
  5 crocodiles
  A big kobold (D:9)
  2 bullfrogs
  6 scorpions
  8 killer bees
  8 wights
  A howler monkey (D:6)
  A centaur zombie (D:8)
  9 crimson imps
  6 hounds
  2 jellies
  4 orc priests
  Crazy Yiuf (D:2)
  7 orc wizards
  3 bullfrog skeletons
  2 centaur skeletons
  5 iguanas
  6 worker ants
  A howler monkey skeleton (D:4)
  4 gnolls (D:4)
  12 adders
  A shadow imp (D:6)
  2 oozes
  3 adder skeletons
  2 worms
  A dart slug (D:1)
  10 leopard geckos
  26 orcs
  3 ball pythons
  8 bats
  2 bat zombies (D:8)
  8 giant cockroaches
  5 goblins
  9 hobgoblins
  14 jackals
  8 kobolds
  A quokka (D:7)
  A frilled lizard (D:2)
  A jackal zombie (D:7)
  A leopard gecko skeleton (D:7)
  A leopard gecko zombie (D:5)
  A quokka skeleton (D:4)
  9 rats
260 creatures vanquished.

Notes
Turn   | Place    | Note
-------+----------+-------------------------------------------
     0 | D:1      | Descartes the Deep Elf Air Elementalist began the quest for
                  | the Orb.
     0 | D:1      | Reached XP level 1. HP: 10/10 MP: 6/6
   209 | D:1      | Reached XP level 2. HP: 15/15 MP: 4/8
  1008 | D:1      | Reached XP level 3. HP: 19/19 MP: 8/10
  1463 | D:2      | Reached XP level 4. HP: 21/24 MP: 5/11
  1510 | D:2      | Found a hazy altar of Hepliaklqana.
  1581 | D:2      | Found a runed translucent door.
  1582 | D:2      | Noticed Crazy Yiuf
  2558 | D:2      | Killed Crazy Yiuf
  2558 | D:2      | Reached XP level 5. HP: 18/28 MP: 13/13
  2835 | D:2      | Gained mutation: Your spells are a little harder to cast,
                  | but a little more powerful. [potion of mutation]
  2835 | D:2      | Gained mutation: You are somewhat resistant to further
                  | mutation. [potion of mutation]
  2835 | D:2      | Gained mutation: You are robust. (+10% HP) [potion of
                  | mutation]
  2963 | D:3      | Found a snail-covered altar of Cheibriados.
  2975 | D:3      | Found a glowing silver altar of Zin.
  3046 | D:3      | Found a faded altar of an unknown god.
  3110 | D:3      | Reached skill level 1 in Shields
  3429 | D:4      | Reached XP level 6. HP: 27/35 MP: 15/15
  3437 | D:4      | Reached skill level 1 in Staves
  3485 | D:4      | Found Rioczug's Magic Scroll Boutique.
  4021 | D:4      | Reached skill level 5 in Air Magic
  4247 | D:4      | Reached skill level 5 in Spellcasting
  4687 | D:4      | Found an iron altar of Okawaru.
  4692 | D:4      | Found a hide-covered altar of Uskayaw.
  4728 | D:5      | Entered Level 5 of the Dungeon
  4743 | D:4      | Learned a level 4 spell: Airstrike
  4747 | D:4      | Learned a level 3 spell: Static Discharge
  5288 | D:5      | Reached XP level 7. HP: 29/39 MP: 16/16
  6045 | D:5      | Found a staircase to the Ecumenical Temple.
  6063 | D:5      | Reached XP level 8. HP: 45/45 MP: 13/18
  6073 | Temple   | Entered the Ecumenical Temple
  6083 | Temple   | Became a worshipper of Vehumet
  7005 | D:6      | Reached skill level 5 in Conjurations
  7058 | D:6      | Reached skill level 5 in Stealth
  7615 | D:7      | Reached * piety under Vehumet
  7615 | D:7      | Offered knowledge of Freeze by Vehumet.
  7616 | D:7      | Reached skill level 5 in Dodging
  7632 | D:7      | Reached XP level 9. HP: 43/49 MP: 16/20
  8142 | D:7      | Noticed a troll
  8158 | D:7      | Killed a troll
  8992 | D:8      | Reached skill level 1 in Armour
  9262 | D:8      | Learned a level 1 spell: Freeze
  9748 | D:8      | Reached skill level 1 in Ice Magic
  9748 | D:8      | Reached XP level 10. HP: 55/55 MP: 22/23
 10151 | D:8      | You fall into a shaft and drop 1 floor!
 10444 | D:8      | Offered knowledge of Sting by Vehumet.
 10501 | D:8      | Reached ** piety under Vehumet
 10522 | D:8      | Found an ancient bone altar of Kikubaaqudgha.
 11029 | D:8      | Found a shadowy altar of Dithmenos.
 11487 | D:9      | Found a staircase to the Lair.
 11916 | D:9      | Offered knowledge of Inner Flame by Vehumet.
 12571 | D:9      | Reached *** piety under Vehumet
 12882 | D:10     | Entered Level 10 of the Dungeon
 12929 | D:10     | Found Muxy's Book Emporium.
 12981 | D:10     | Noticed a cyclops
 13027 | D:10     | Learned a level 1 spell: Apportation
 13031 | D:10     | Learned a level 3 spell: Inner Flame
 13581 | D:11     | Noticed Erica
 13806 | D:11     | Reached skill level 1 in Fire Magic
 14314 | D:11     | Noticed Nergalle
 14372 | Lair:1   | Entered Level 1 of the Lair of Beasts
 14402 | Lair:1   | Reached skill level 1 in Translocations
 14645 | Lair:1   | Reached XP level 11. HP: 40/59 MP: 14/26
 15371 | Lair:1   | Noticed an oklob plant
 15377 | Lair:1   | Killed an oklob plant
 15378 | Lair:1   | Paralysed by a floating eye for 4 turns
 15514 | Lair:1   | Noticed an oklob plant
 15633 | Lair:1   | Noticed a four-headed hydra
 15641 | Lair:1   | Slain by a four-headed hydra

Levels and vault maps discovered:
D:1:      nicolae_arrival_washed_ashore, layout_loops_corners, grunt_decor_cap
D:2:      layout_loops_ring, overflow_temple_1_default, eino_tiny_chamber,
          uniq_crazy_yiuf_cottage
D:3:      layout_rooms, gammafunk_temple_overflow_pools,
          chequers_ecumenical_altar_simple
D:4:      layout_loops_corners, amethyst_overflow_temple_binary, first_ration,
          serial_shops, shop
D:5:      layout_cave_pools, minmay_temple_entry_enclosed_plants
D:6:      layout_basic, chequers_serial_rivers_room_b
D:7:      layout_rooms
D:8:      layout_loops_corners, lemuel_zombie_altar_kikubaaqudgha,
          kennysheep_little_box
D:9:      layout_basic, minmay_lair_entry_grove, hex_intersection
D:10:     layout_loops_ring, serial_shops, nicolae_shop_statue_plus
D:11:     layout_roguey, hiddenorc2_lemuel, serial_ice, serial_ice_f,
          serial_ice_a, serial_ice_o, serial_ice_g, serial_ice_n, serial_ice_l,
          serial_ice_m, serial_ice_e, gammafunk_ghost_grave, uniq_erica,
          uniq_nergalle, uniq_urug
Temple:   nicolae_temple_no_exploring_needed
Lair:1:   layout_hall_layers, disabler_island, serial_bayou_shore_a

Skill      XL: |  1  2  3  4  5  6  7  8  9 10 11 |
---------------+----------------------------------+-----
Air Magic      | 4 5 6 7 |  7.6
Spellcasting   | 4 5 6 7 9 |  9.1
Conjurations   | 2 3 4 5 7 9 |  9.4
Shields        | 1 2 4 |  4.0
Stealth        | 3 4 5 7 8 |  8.2
Staves         | 1 2 |  2.4
Dodging        | 3 4 5 6 7 |  7.5
Armour         | 1 2 3 |  3.0
Ice Magic      | 1 3 |  3.7
Fire Magic     | 1 |  1.8
Translocations | 1 |  1.7
Unarmed Combat | |  0.1

Action                   |  1- 3 |  4- 6 |  7- 9 | 10-12 || total
-------------------------+-------+-------+-------+-------++-------
Melee: Unarmed           |     5 |    16 |       |       ||    21
       Dagger            |       |       |     1 |       ||     1
 Cast: Shock             |    65 |   181 |   230 |   334 ||   810
       Airstrike         |       |       |    23 |    25 ||    48
       Static Discharge  |       |       |     4 |    16 ||    20
  Use: Scroll            |       |     5 |     5 |     8 ||    18
       Potion            |       |     1 |       |     1 ||     2
  Eat: Chunk             |     1 |    12 |    11 |     6 ||    30
       Ration            |       |       |     1 |     4 ||     5
Armor: Robe              |     1 |     8 |     7 |       ||    16
       Leather armour    |       |       |     1 |    37 ||    38
Dodge: Dodged            |    12 |    35 |    47 |   103 ||   197
Block: Buckler           |       |     9 |    25 |    45 ||    79
       Rpst.: Long sword |       |       |     2 |    15 ||    17
       Scimitar          |       |       |       |     6 ||     6
